 Dungeon Crawl Stone Soup version 0.30-a0-709-gcdc1b43e22 (webtiles) character file.

Game seed: 16237269388436411824

326 Dartaoz the Shooter (level 6, -4/50 HPs)
             Began as a Minotaur Hunter on Jan 22, 2023.
             Slain by Duvessa
             ... wielding a +0 rapier
              (11 damage)
             ... on level 4 of the Dungeon.
             The game lasted 00:06:09 (2791 turns).

Dartaoz the Shooter (Minotaur Hunter)               Turns: 2791, Time: 00:06:10

Health: -4/50      AC: 15    Str: 15    XL:     6   Next: 24%
Magic:  5/5        EV: 10    Int:  6    God:
Gold:   201        SH:  0    Dex: 16    Spells: 5/5 levels left

rFire   . . .      SeeInvis .    a - +0 shortbow
rCold   + . .      Faith    .    (shield currently unavailable)
rNeg    . . .      Spirit   .    m - +7 Kryia's mail coat {PotionHeal*2 rC+}
rPois   .          Reflect  .    d - +2 hat
rElec   .          Harm     .    v - scarf {repulsion}
rCorr   .          Rampage  .    (no gloves)
Will    .....                    (no boots) Stlth
                                 (no amulet)
HPRegen 0.28/turn                o - ring of flight
MPRegen 0.09/turn                (no ring)

@: flying, repel missiles
A: horns 2, retaliatory headbutt
a: no special abilities


You were on level 4 of the Dungeon.
You visited 1 branch of the dungeon, and saw 4 of its levels.

You collected 201 gold pieces.

Inventory:

Hand Weapons
 a - a +0 shortbow (weapon)
Armour
 c - a +0 leather armour
 d - a +2 hat (worn)
 m - the +7 Kryia's mail coat (worn) {PotionHeal*2 rC+}
   (You found it on level 3 of the Dungeon)

   PotionHeal*2: Potions heal its wearer twice as much.
   rC:        It protects you from cold.
 v - a scarf of repulsion (worn)
Jewellery
 o - a ring of flight (left hand)
Wands
 k - a wand of charming (10)
 t - a wand of light (4)
 u - a wand of polymorph (13)
Scrolls
 b - a scroll of immolation
 i - 4 scrolls of teleportation {unknown}
 j - a scroll of magic mapping {unknown}
 l - 5 scrolls of identify {unknown}
Potions
 e - a potion of might {unknown}
 f - 3 potions of flight {unknown}
 g - 3 potions of brilliance {unknown}
 h - a potion of attraction {unknown}
 n - 2 potions of degeneration {unknown}
 p - a potion of curing {unknown}
 q - a potion of resistance {unknown}
 r - a potion of magic {unknown}
 s - a potion of berserk rage {unknown}


   Skills:
 - Level 2.4 Fighting
 + Level 7.5 Ranged Weapons
 + Level 3.5 Armour
 - Level 2.1 Dodging
 - Level 0.7 Stealth


You had 5 spell levels left.
You didn't know any spells.
Your spell library contained the following spells:

 Spells                   Type           Power      Damage    Failure   Level
 Magic Dart               Conj           0%         1d3       88%         1
 Necrotise                Necr           0%         1d4       88%         1
 Call Imp                 Summ           0%         N/A       95%         2
 Mephitic Cloud           Conj/Pois/Air  0%         N/A       99%         3
 Ozocubu's Armour         Ice            0%         N/A       99%         3
 Summon Guardian Golem    Hex/Summ       0%         N/A       99%         3
 Vampiric Draining        Necr           0%         2d6       99%         3
 Agony                    Necr           0%         N/A       100%        5
 Orb of Destruction       Conj           0%         9d5       100%        7
 Ozocubu's Refrigeration  Ice            0%         4d7       100%        7
 Spellforged Servitor     Conj/Summ      0%         N/A       100%        7


Dungeon Overview and Level Annotations

Branches:
Dungeon (4/15)
 Temple: D:4-7

Altars:
Ashenzari
Nemelex Xobeh

Annotations:
D:4 Duvessa


Innate Abilities, Weirdness & Mutations

You have a pair of horns on your head.
You reflexively headbutt those who attack you in melee.


Message History

You shoot an arrow. The arrow hits Dowan.
Dowan is severely wounded.
Duvessa closely misses you. Dowan hits you but does no damage.
Duvessa barely misses you.
You shoot an arrow. The arrow barely misses Dowan.
Duvessa hits you with a +0 rapier. Dowan barely misses you.
Duvessa hits you with a +0 rapier. Dowan barely misses you.
You shoot an arrow. The arrow closely misses Dowan.
Duvessa closely misses you. You furiously retaliate!
You headbutt Duvessa! Duvessa hits you but does no damage.
Dowan hits you but does no damage.
You shoot an arrow. The arrow hits Dowan!
You kill Dowan!
Duvessa screams in rage.
Duvessa goes berserk!
Duvessa closely misses you. Duvessa hits you but does no damage.
You shoot an arrow. The arrow hits Duvessa!
Duvessa is heavily wounded.
Duvessa hits you with a +0 rapier. Duvessa hits you but does no damage.
You shoot an arrow.
The arrow hits Duvessa but does no damage.
Duvessa is heavily wounded.
Duvessa barely misses you. Duvessa closely misses you.
You shoot an arrow. The arrow completely misses Duvessa.
Duvessa hits you with a +0 rapier. Duvessa closely misses you.
You shoot an arrow. The arrow hits Duvessa.
Duvessa is heavily wounded.
Duvessa hits you with a +0 rapier! x2
You shoot an arrow.
The arrow hits Duvessa but does no damage.
Duvessa is heavily wounded.
Duvessa hits you with a +0 rapier. Duvessa barely misses you.
You shoot an arrow.
The arrow hits Duvessa but does no damage.
Duvessa is heavily wounded.
Duvessa barely misses you. You furiously retaliate!
You headbutt Duvessa. Duvessa hits you with a +0 rapier!
* * * LOW HITPOINT WARNING * * *
You shoot an arrow. The arrow closely misses Duvessa.
Duvessa hits you with a +0 rapier!
You die...

#.####.# #.# #.# #####.#
#.# ......# #.# #######
#.# #.# #### #.#
...#######.########
##.##...........@e#
#.#####.#####)# .##.#
##.#####........
##.##.####............###
.........††...#####.#:#
.#.#####.#.>#.# .# # .#.#
#.#..#.# .# ...# #....#.#
# ##.# #.##.#


You could see Duvessa (berserk, fast).

Vanquished Creatures
  Dowan (D:4)
  An orc priest (D:3)
  2 hounds (D:4)
  Jessica (D:3)
  Natasha (D:4)
  Ijyb (D:3)
  3 adders (D:2)
  A dart slug (D:3)
  6 orcs (D:3)
  5 endoplasms
  3 giant cockroaches
  4 goblins
  11 hobgoblins
  7 jackals
  5 quokkas
  8 ball pythons
  2 bats (D:1)
  6 frilled lizards
  7 kobolds
  6 rats
81 creatures vanquished.

Vanquished Creatures (others)
  2 plants (D:3)
2 creatures vanquished.

Grand Total: 83 creatures vanquished

Notes
Turn   | Place    | Note
-------+----------+-------------------------------------------
     0 | D:1      | Dartaoz the Minotaur Hunter began the quest for the Orb.
     0 | D:1      | Reached XP level 1. HP: 18/18 MP: 0/0
   137 | D:1      | Reached XP level 2. HP: 25/25 MP: 1/1
   152 | D:1      | Reached skill level 5 in Ranged Weapons
   640 | D:1      | Reached XP level 3. HP: 27/30 MP: 2/2
  1080 | D:2      | Reached skill level 6 in Ranged Weapons
  1189 | D:2      | Reached XP level 4. HP: 37/37 MP: 3/3
  1418 | D:3      | Found a broken altar of Ashenzari.
  1418 | D:3      | Found a sparkling altar of Nemelex Xobeh.
  1442 | D:3      | Noticed Jessica
  1444 | D:3      | Killed Jessica
  1539 | D:3      | Found the +7 Kryia's mail coat {PotionHeal*2 rC+}
  1599 | D:3      | Noticed Ijyb
  1604 | D:3      | Reached skill level 1 in Armour
  1606 | D:3      | Reached XP level 5. HP: 34/42 MP: 4/4
  1633 | D:3      | Killed Ijyb
  2089 | D:3      | Reached skill level 7 in Ranged Weapons
  2497 | D:4      | Noticed Natasha
  2502 | D:4      | Killed Natasha
  2604 | D:4      | Reached XP level 6. HP: 50/50 MP: 5/5
  2772 | D:4      | Noticed Duvessa
  2772 | D:4      | Noticed Dowan
  2784 | D:4      | Killed Dowan
  2791 | D:4      | Slain by Duvessa

Illustrated notes

Levels and vault maps discovered:
D:1:      dpeg_arrival_simpleton_c, layout_basic, minmay_small_reverse_x
D:2:      layout_loops_ring
D:3:      layout_basic, mainiacjoe_overflow_catwalk_spiral,
          serial_bayou_lagoon_a, dk_vineyard_1, uniq_ijyb, uniq_jessica
D:4:      layout_loops_ring, uniq_duvessa, uniq_natasha

Skill      XL: |  1  2  3  4  5 |
---------------+----------------+-----
Ranged Weapons | 5 6 7 |  7.5
Armour         | 1 3 |  3.5
Fighting       | |  2.4
Dodging        | |  2.1
Stealth        | |  0.7

Action                     |  1- 3 |  4- 6 || total
---------------------------+-------+-------++-------
  Melee: Shortbow          |       |     4 ||     4
         Headbutt          |       |     1 ||     1
   Fire: Shortbow          |   112 |   139 ||   251
 Armour: Leather armour    |    16 |     1 ||    17
         Scale mail        |       |    38 ||    38
  Dodge: Dodged            |    31 |    43 ||    74

Table legend: (Time is in decaauts)
 A = Elapsed time spent in this place.
 B = Non-inter-level travel time spent in this place.
 C = Inter-level travel time spent in this place.
 D = Time resting spent in this place.
 E = Time spent auto-exploring this place.
 F = Levels seen in this place.
 G = Mean time per level.
                   A        B        C        D        E       F      G
               +--------+--------+--------+--------+--------+-----+--------+
         Total |   2868 |   2790 |     78 |      0 |   2310 |   4 |  717.0 |
       Dungeon |   2868 |   2790 |     78 |      0 |   2310 |   4 |  717.0 |
               +--------+--------+--------+--------+--------+-----+--------+

Top non-repeatable levels by time:
     D:3: 995 daAuts
     D:1: 747 daAuts
     D:2: 699 daAuts
     D:4: 426 daAuts
